 Dungeon Crawl Stone Soup version 0.28.0-43-g3370ac3207 (webtiles) character file.

Game seed: 14078186688859028407

51 cmymind4 the Sneak (level 3, 0/22 HPs)
             Began as a Vampire Enchanter on Mar 11, 2022.
             Slain by a worm (3 damage)
             ... on level 2 of the Dungeon.
             The game lasted 00:10:35 (1219 turns).

cmymind4 the Sneak (Vampire Enchanter)              Turns: 1219, Time: 00:10:35

Health: 0/22       AC:  6    Str:  9    XL:     3   Next: 57%
Magic:  6/6        EV: 10    Int: 17    God:
Gold:   9          SH:  0    Dex: 14    Spells: 6/6 levels left

rFire   . . .      SeeInvis +   a - +2 dagger
rCold   . . .      Faith    .   (no shield)
rNeg    . . .      Spirit   .   i - +0 ring mail
rPois   .          Reflect  .   (no helmet)
rElec   .          Harm     .   (no cloak)
rCorr   .          Rampage  .   d - +0 pair of gloves
Will    .....                   (no boots)
Stlth   ++........              (no amulet)
HPRegen 0.27/turn               (no ring)
MPRegen 0.10/turn               (no ring)

@: healing quickly
A: alive, fangs 3, see invisible, vampiric 2, [frail 1]
a: Exsanguinate


You were on level 2 of the Dungeon.
You visited 1 branch of the dungeon, and saw 2 of its levels.

You collected 9 gold pieces.

Inventory:

Hand Weapons
 a - a +2 dagger (weapon)
Armour
 b - a +0 robe
 d - a +0 pair of gloves (worn)
 i - a +0 ring mail (worn)
Scrolls
 h - a scroll of identify {unknown}
 j - a scroll of enchant weapon
Potions
 c - a potion of invisibility
 f - a potion of heal wounds {unknown}
 g - a potion of curing


   Skills:
 + Level 0.6 Fighting
 + Level 1.8 Short Blades
 + Level 2.9 Dodging
 + Level 5.2 Stealth
 + Level 2.0 Spellcasting
 + Level 4.9 Hexes


You had 6 spell levels left.
You didn't know any spells.
Your spell library contained the following spells:

 Spells                   Type           Power      Damage    Failure   Level
 Confusing Touch          Hex            18%        N/A       22%         3
 Tukima's Dance           Hex            18%        N/A       22%         3
 Ensorcelled Hibernation  Hex/Ice        20%        N/A       30%         2
 Dazzling Flash           Conj/Hex       20%        N/A       52%         3
 Ignite Poison            Fire/Tmut/Pois 1%         N/A       85%         3
 Mephitic Cloud           Conj/Pois/Air  1%         N/A       85%         3
 Freezing Cloud           Conj/Ice/Air   0%         6-21      100%        5


Dungeon Overview and Level Annotations

Branches:
Dungeon (2/15)

Altars:


Innate Abilities, Weirdness & Mutations

Your natural rate of healing is accelerated.
You have razor-sharp teeth.
You have supernaturally acute eyesight. (SInv)
You are afflicted with vampirism and can become a bat while bloodless.
[You are frail. (-10% HP)]


Message History

The worm is severely wounded.
The worm bites you but does no damage.
You hit the worm.
The worm is almost dead.
You hit the worm.
You kill the worm!
As you read the scroll labelled KEUDIC WISEMNA, it crumbles to dust.
You speak a Word of immense power!
You are blasted by holy energy!
It was a scroll of holy word.
The worm closely misses you.
You hit the worm. You bite the worm.
The worm is lightly wounded.
You hit the worm.
The worm is lightly wounded.
The worm bites you but does no damage.
You hit the worm.
The worm is moderately wounded.
You hit the worm. You bite the worm.
The worm is heavily wounded.
The worm bites you but does no damage.
You barely miss the worm.
The worm is heavily wounded.
The worm bites you but does no damage.
You hit the worm.
The worm is heavily wounded.
You hit the worm.
The worm is severely wounded.
The worm bites you!
* * * LOW HITPOINT WARNING * * *
You barely miss the worm.
The worm is severely wounded.
You hit the worm.
The worm is almost dead.
The worm barely misses you.
You hit the worm but do no damage.
The worm is severely wounded.
You hit the worm.
The worm is almost dead.
The worm bites you.
You die...

.....#####.##.# .#
###..# #.##.##.. ##...##
#.†...#
##....^###.##..##
##^......##.##...#
#.........#†.....#
...^........##...# #
...^..^..†...#.### #.###
#.^>..w@..#....####.#...
#.........#........###.#
##.......##...#####.#. #
##^....###..## # ###.###
#.## # ## .... # ....# #
##..# # #.. #


You could see a worm.

Vanquished Creatures
  2 worms (D:2)
  2 dart slugs (D:1)
  5 ball pythons
  5 bats
  4 endoplasms
  2 giant cockroaches (D:1)
  A goblin (D:1)
  4 hobgoblins (D:1)
  3 jackals (D:1)
  2 kobolds (D:1)
  A quokka (D:1)
  4 frilled lizards
  2 rats
37 creatures vanquished.

Notes
Turn   | Place    | Note
-------+----------+-------------------------------------------
     0 | D:1      | cmymind4 the Vampire Enchanter began the quest for the Orb.
     0 | D:1      | Reached XP level 1. HP: 13/13 MP: 3/3
   179 | D:1      | Reached XP level 2. HP: 17/17 MP: 5/5
   491 | D:1      | Reached skill level 5 in Stealth
   782 | D:1      | Gained mutation: You are afflicted with vampirism and can
                  | become a bat while bloodless. [Vampire growth]
   782 | D:1      | Reached XP level 3. HP: 17/21 MP: 6/6
  1022 | D:2      | Found a faded altar of an unknown god.
  1219 | D:2      | Slain by a worm

Illustrated notes

Levels and vault maps discovered:
D:1:      ncdulo_smallfort, layout_basic, hangedman_feature_mirror,
          minmay_misc_feat_x
D:2:      layout_loops_ring, hellmonk_ecumenical_altar_zigzags,
          nicolae_wormholes

Skill      XL: |  1  2 |
---------------+-------+-----
Stealth        | 5 |  5.2
Fighting       | |  0.6
Short Blades   | |  1.8
Dodging        | |  2.9
Spellcasting   | |  2.0
Hexes          | |  4.9

Action                   || total
-------------------------++-------
Melee: Dagger            ||   185
       Bite              ||    14
       Punch             ||     2
 Abil: Exsanguinate      ||     1
       Revivify          ||     1
  Use: Scroll            ||     3
       Potion            ||     1
 Stab: Sleeping          ||     5
Armor: Robe              ||    43
       Ring mail         ||     6
Dodge: Dodged            ||   139
